 Dungeon Crawl Stone Soup version 0.29-a0-1008-g949cc1d0fb (webtiles) character file.

Game seed: 1092092864414000284

6587 drugrobin the Cleaver (level 10, -23/80 HPs)
             Began as a Demigod Fighter on Aug 7, 2022.
             Annihilated by a boulder beetle (55 damage)
             ... on level 9 of the Dungeon.
             The game lasted 00:26:23 (10915 turns).

drugrobin the Cleaver (Demigod Fighter)            Turns: 10915, Time: 00:26:23

Health: -23/80     AC: 14    Str: 29    XL:     10   Next: 43%
Magic:  13/13      EV:  7    Int: 10    God:
Gold:   530        SH:  5    Dex: 19    Spells: 9/9 levels left

rFire   . . .      SeeInvis .   a - +5 hand axe
rCold   . . .      Faith    .   P - +0 buckler
rNeg    . . .      Spirit   .   z - +0 plate armour
rPois   .          Reflect  .   q - +0 helmet
rElec   .          Harm     .   G - +0 cloak
rCorr   +          Rampage  .   n - +0 pair of gloves
Will    +....                   (no boots)
Stlth   ..........              V - amulet of regeneration
HPRegen 1.03/turn               D - +6 ring of dexterity
MPRegen 0.13/turn               o - ring of resist corrosion

@: no status effects
A: high MP 1, forlorn, divine attributes
a: no special abilities


You were on level 9 of the Dungeon.
You visited 1 branch of the dungeon, and saw 9 of its levels.
You also visited: Ossuary.

You collected 590 gold pieces.
You spent 60 gold pieces at shops.

Inventory:

Hand Weapons
 a - a +5 hand axe (weapon)
 b - a +1 dagger of venom
 c - a +0 war axe of flaming
Missiles
 i - 6 javelins (quivered)
 k - 3 poisoned darts
Armour
 n - a +0 pair of gloves (worn)
 p - an orb of mayhem
 q - a +0 helmet (worn)
 v - a +0 leather armour of fire resistance
 z - a +0 plate armour (worn)
 G - a +0 cloak (worn)
 P - a +0 buckler (worn)
 Y - +0 acid dragon scales
Jewellery
 o - a ring of resist corrosion (right hand)
 D - a +6 ring of dexterity (left hand)
 V - an amulet of regeneration (around neck)
Wands
 C - a wand of digging (1)
 E - a wand of charming (5)
 Q - a wand of flame (25)
 R - a wand of roots (20)
 U - a wand of quicksilver (12)
 W - a wand of mindburst (22)
Scrolls
 h - a scroll of torment {unknown}
 l - a scroll of blinking {unknown}
 s - a scroll of brand weapon {unknown}
 t - 13 scrolls of identify {unknown}
 x - 4 scrolls of teleportation {unknown}
 y - 2 scrolls of vulnerability {unknown}
 B - 4 scrolls of enchant weapon {unknown}
 F - 4 scrolls of enchant armour {unknown}
 I - a scroll of amnesia {unknown}
 K - a scroll of poison {unknown}
 M - a scroll of summoning {unknown}
 O - 2 scrolls of fear {unknown}
 X - 2 scrolls of fog
Potions
 d - 4 potions of might
 e - 3 potions of lignification {unknown}
 f - 4 potions of magic {unknown}
 g - a potion of resistance {unknown}
 j - 2 potions of degeneration {unknown}
 m - 6 potions of curing
 r - a potion of invisibility {unknown}
 w - 2 potions of haste {unknown}
 A - 3 potions of flight {unknown}
 H - a potion of attraction {unknown}
 J - 7 potions of brilliance {unknown}
 L - 2 potions of cancellation {unknown}
 S - a potion of ambrosia {unknown}
 T - a potion of mutation {unknown}


   Skills:
 + Level 4.7 Fighting
 * Level 12.6 Axes
 - Level 2.6 Armour
 - Level 2.6 Shields
 + Level 7.1 Evocations


You had 9 spell levels left.
You didn't know any spells.
Your spell library contained the following spells:

 Spells                   Type           Power      Damage    Failure   Level
 Apportation              Tloc           0%         N/A       99%         1
 Necrotise                Necr           0%         1d4       99%         1
 Sting                    Tmut/Pois      0%         1d3       99%         1
 Poisonous Vapours        Pois/Air       0%         N/A       100%        2
 Call Canine Familiar     Summ           0%         N/A       100%        3
 Portal Projectile        Hex/Tloc       0%         N/A       100%        3
 Vampiric Draining        Necr           0%         2d6       100%        3
 Corpse Rot               Necr/Pois/Air  0%         N/A       100%        4
 Leda's Liquefaction      Hex/Erth       0%         N/A       100%        4
 Agony                    Necr           0%         N/A       100%        5
 Alistair's Intoxication  Tmut/Pois      0%         N/A       100%        5
 Summon Forest            Summ/Tloc      0%         N/A       100%        5
 Eringya's Noxious Bog    Tmut/Pois      0%         N/A       100%        6
 Summon Hydra             Summ           0%         N/A       100%        7
 Chain Lightning          Conj/Air       0%         N/A       100%        9
 Fire Storm               Conj/Fire      0%         5d1       100%        9
 Shatter                  Erth           0%         3d5*      100%        9


Dungeon Overview and Level Annotations

Branches:
Dungeon (9/15)             Temple (0/1) D:6         Ossuary (visited)
   Lair: D:8-11         Orc: D:9-12

Shops:
D:4 *   D:7 *


Innate Abilities, Weirdness & Mutations

You have an increased reservoir of magic. (+10% MP)
You shall have no god before yourself.
Your divine heritage dramatically boosts your attributes as you level up.


Message History

You block the orc warrior's attack.
You closely miss the orc warrior.
The orc warrior is severely wounded.
You closely miss the orc. You closely miss the orc warrior.
The orc warrior is severely wounded.
You hit the orc. The orc hits you but does no damage.
The orc warrior hits you but does no damage.
You closely miss the orc warrior.
The orc warrior is severely wounded.
You completely miss the orc. The orc barely misses you.
The orc warrior hits you with a +0 glaive!
You barely miss the orc warrior.
The orc warrior is severely wounded.
You hit the orc. The orc hits you but does no damage.
The orc warrior hits you with a +0 glaive!!
You hit the orc warrior but do no damage.
The orc warrior is almost dead.
You hit the orc.
You kill the orc!
You slash the orc warrior!
You kill the orc warrior!
The boulder beetle attacks as you move away!
The boulder beetle bites you.
The boulder beetle curls into a ball and begins rolling!
Unknown command.
Unknown command.
Aiming: Fastroot
Press: ? - help, Shift-Dir - straight line, f - boulder beetle
Aim: a boulder beetle (rolling)
The roots erupt in riotous growth!
Roots grab the boulder beetle.
You hear a shout!
The grasping roots constrict the boulder beetle.
You hear a howl!
You hear a croak.
You hear a roar!
You hear a shout!
You hear an angry hiss.
You hear a shout! x2
You hear a horrible gurgling sound!
The boulder beetle escapes!
The boulder beetle hits you!!!
Ouch! That really hurt!
You die...

.. #.............#.......
... #.........#####.......
....#........<#..)........
....#########'#...........
..........................
..........................
#......######............
#......######.....#####..
#.....)B@.............#..
#.....○##.........###.# .
#.....#.####...####
....... #o ##### ####...
oF #... o# #... .. #... .#


You could see a boulder beetle (rolling).

Vanquished Creatures
  The ghost of FizzleBangTC the Geomancer, a novice MeEE of Cheibriados (D:5)
  Maurice (D:8)
  Maggie (D:6)
  Prince Ribbit (D:5)
  Grinder (D:3)
  A slime creature (D:6)
  2 shadows (D:9)
  A wyvern (D:8)
  The ghost of gdog the Covert, an amateur GnDe (D:4)
  2 wraiths (Ossuary)
  3 vampire mosquitoes (D:8)
  Edmund (D:5)
  3 water moccasins
  A sky beast (D:7)
  2 black bears
  2 orc warriors
  An ice beast (D:5)
  An ogre (D:6)
  A boggart (D:5)
  2 centaurs
  A tengu (D:8)
  3 phantoms
  Blork the orc (D:4)
  A gnoll sergeant (D:5)
  A necrophage (D:5)
  2 wyvern zombies (D:5)
  11 wights
  A howler monkey (D:6)
  7 killer bees
  The ghost of Valamore the Chiller, a weakling BaIE (D:3)
  3 quasits
  A jelly (D:6)
  2 orc priests
  A gnoll bouda (D:3)
  6 hounds
  A bullfrog skeleton (D:5)
  Jessica (D:2)
  Natasha (thrice) (D:4)
  Terence (D:2)
  2 iguanas
  3 orc wizards
  9 adders
  5 gnolls
  A shadow imp (D:6)
  A white imp (D:5)
  An ufetubus (D:6)
  2 adder zombies (Ossuary)
  4 worms
  16 orcs
  5 ball pythons
  3 endoplasms
  2 giant cockroaches
  10 goblins
  9 hobgoblins
  4 quokkas
  2 ball python skeletons (Ossuary)
  12 bats
  A frilled lizard (D:2)
  12 kobolds
  A kobold zombie (Ossuary)
  An orc skeleton (Ossuary)
  2 orc zombies (Ossuary)
  2 rats
187 creatures vanquished.

Vanquished Creatures (others)
  An adder (D:5)
  A plant (D:2)
2 creatures vanquished.

Grand Total: 189 creatures vanquished

Notes
Turn   | Place    | Note
-------+----------+-------------------------------------------
     0 | D:1      | drugrobin the Demigod Fighter began the quest for the Orb.
     0 | D:1      | Reached XP level 1. HP: 18/18 MP: 3/3
    33 | D:1      | Reached skill level 2 in Axes
   253 | D:1      | Reached XP level 2. HP: 11/25 MP: 4/4
   505 | D:1      | Reached skill level 3 in Axes
   902 | D:2      | Reached XP level 3. HP: 30/30 MP: 5/5
   911 | D:2      | Noticed Terence
   917 | D:2      | Killed Terence
   942 | D:2      | Reached skill level 4 in Axes
   942 | D:2      | Reached XP level 4. HP: 36/37 MP: 6/6
  1000 | D:2      | Got Plato's Spellbook of Variation
  1262 | D:2      | Noticed Jessica
  1403 | D:2      | Killed Jessica
  2017 | D:3      | Noticed Valamore's ghost (weakling BaIE)
  2017 | D:3      | Found a transporter.
  2029 | D:3      | Reached skill level 5 in Axes
  2052 | D:3      | Found a transporter.
  2100 | D:3      | Reached XP level 5. HP: 42/42 MP: 7/7
  2503 | D:3      | Noticed Grinder
  2527 | D:3      | Paralysed by Grinder for 2 turns
  2537 | D:3      | Paralysed by Grinder for 4 turns
  2543 | D:3      | Killed Grinder
  2544 | D:3      | Reached skill level 6 in Axes
  2544 | D:3      | Reached XP level 6. HP: 17/50 MP: 8/8
  3532 | D:4      | Found Hyguni Tukuj's Overcharged Wands.
  3559 | D:4      | Noticed Blork the orc
  3615 | D:3      | Killed Valamore's ghost
  3616 | D:3      | Reached skill level 7 in Axes
  3721 | D:4      | Killed Blork the orc
  3722 | D:4      | Reached XP level 7. HP: 33/56 MP: 9/9
  3986 | D:3      | Reached skill level 1 in Evocations
  4131 | D:4      | Noticed Natasha
  4139 | D:4      | Killed Natasha
  4412 | D:4      | Noticed Natasha
  4427 | D:4      | Killed Natasha
  4448 | D:4      | Found a runed translucent gate.
  4453 | D:4      | Found a runed translucent gate.
  4453 | D:4      | Found a runed translucent gate.
  4453 | D:4      | Noticed gdog's ghost (amateur GnDe)
  4614 | D:4      | Found Hyguni Tukuj's Overcharged Wands.
  4633 | D:4      | Noticed Natasha
  4642 | D:4      | Killed Natasha
  4823 | D:4      | Found a runed translucent gate.
  4828 | D:4      | Found a runed translucent gate.
  4828 | D:4      | Found a runed translucent gate.
  5059 | D:5      | Entered Level 5 of the Dungeon
  5068 | D:5      | Noticed Edmund
  5086 | D:5      | Killed Edmund
  5087 | D:5      | Reached skill level 8 in Axes
  5165 | D:5      | Noticed Prince Ribbit
  5178 | D:5      | Killed Prince Ribbit
  5179 | D:5      | Reached XP level 8. HP: 32/62 MP: 10/10
  5273 | D:5      | Found a sand-covered staircase.
  5278 | Ossuary  | Entered an ossuary
  5420 | Ossuary  | Reached skill level 9 in Axes
  6023 | D:5      | Reached skill level 10 in Axes
  6371 | D:5      | Found a transporter.
  6377 | D:5      | Noticed Ijyb
  6379 | D:5      | Noticed Ijyb
  6379 | D:5      | Ijyb changed into Ijyb the killer bee
  6386 | D:5      | Killed Ijyb the killer bee
  6399 | D:5      | Noticed Duvessa
  6405 | D:5      | Noticed Dowan
  6409 | D:5      | Noticed Duvessa
  6409 | D:5      | Duvessa changed into Duvessa the hound
  6412 | D:5      | Killed Duvessa the hound
  6415 | D:5      | Noticed Dowan
  6415 | D:5      | Dowan changed into Dowan the boggart
  6425 | D:5      | Killed Dowan the boggart
  6670 | D:5      | Found a transporter.
  6673 | D:5      | Noticed FizzleBangTC's ghost (novice MeEE)
  6851 | D:4      | Reached XP level 9. HP: 60/68 MP: 11/11
  6862 | D:4      | Killed gdog's ghost
  6863 | D:4      | Reached skill level 5 in Evocations
  7364 | D:5      | Killed FizzleBangTC's ghost
  7365 | D:5      | Reached skill level 11 in Axes
  7396 | D:6      | Found a staircase to the Ecumenical Temple.
  8998 | D:6      | Noticed Maggie
  9009 | D:6      | Killed Maggie
  9112 | D:7      | Found Gecyu's General Store.
  9115 | D:7      | Bought a scroll of fog for 48 gold pieces
  9115 | D:7      | Bought a scroll of noise for 12 gold pieces
  9674 | D:7      | Reached XP level 10. HP: 70/77 MP: 13/13
  9877 | D:8      | Reached skill level 12 in Axes
 10173 | D:8      | Noticed Maurice
 10176 | D:8      | Killed Maurice
 10885 | D:9      | Noticed a boulder beetle
 10915 | D:9      | Annihilated by a boulder beetle

Illustrated notes

Levels and vault maps discovered:
D:1:      amcnicky_arrival_wind_blow, layout_rooms,
          hangedman_abyss_or_decor_lesser_grid, nicolae_grassy_gnolls
D:2:      layout_basic, shapermc_ecumenical_altar_rom_forum,
          minmay_goblin_kobold_house, uniq_terence, uniq_jessica
D:3:      layout_loops_ring, nicolae_overflow_crystal_walls,
          gammafunk_ghost_stat_death, uniq_grinder
D:4:      layout_rooms, nicolae_uskayaw_murder_on_the_dancefloor,
          ebering_ghost_gozag, nicolae_shop_overcharged_wands,
          uniq_blork_the_orc, uniq_natasha
D:5:      layout_basic, gammafunk_ghost_mausoleum, enter_ossuary_2,
          grunt_tough_drop, uniq_ijyb, uniq_edmund, uniq_duvessa,
          uniq_prince_ribbit1
D:6:      layout_basic, minmay_temple_entry_junction, minmay_three_doors,
          uniq_maggie
D:7:      layout_loops_cross, serial_shops, nicolae_stop_n_shop_2,
          item_on_display_a
D:8:      layout_gridville, uniq_maurice
D:9:      layout_irregular_city, david_orc_1_choice, minmay_pinched_square

Skill      XL: |  1  2  3  4  5  6  7  8  9 10 |
---------------+-------------------------------+-----
Axes           | 2 3 4 5 6 7 8 10 11 12 | 12.6
Evocations     | 2 4 6 7 |  7.1
Fighting       | 3 4 |  4.7
Armour         | |  2.6
Shields        | |  2.6

Action                   |  1- 3 |  4- 6 |  7- 9 | 10-12 || total
-------------------------+-------+-------+-------+-------++-------
Melee: War axe           |    72 |   103 |    61 |       ||   236
       Dagger            |       |   116 |    30 |     7 ||   153
       Unarmed           |       |       |    11 |       ||    11
       Hand axe          |       |       |   270 |   105 ||   375
Throw: Stone             |     1 |     6 |     6 |       ||    13
       Dart              |     5 |       |    12 |       ||    17
       Javelin           |       |     3 |    10 |     1 ||    14
Evoke: Wand              |       |       |     9 |     9 ||    18
  Use: Potion            |       |     1 |       |       ||     1
Armor: Scale mail        |    36 |    41 |       |       ||    77
       Plate armour      |       |   232 |   182 |    44 ||   458
       Skin              |       |       |     3 |       ||     3
Dodge: Dodged            |    32 |   111 |    95 |    31 ||   269
Block: Buckler           |    18 |    68 |    76 |    24 ||   186

Table legend: (Time is in decaauts)
 A = Elapsed time spent in this place.
 B = Non-inter-level travel time spent in this place.
 C = Inter-level travel time spent in this place.
 D = Time resting spent in this place.
 E = Time spent auto-exploring this place.
 F = Levels seen in this place.
 G = Mean time per level.
                   A        B        C        D        E       F      G
               +--------+--------+--------+--------+--------+-----+--------+
         Total |  10917 |  10265 |    652 |   1489 |   6264 |  10 | 1091.7 |
       Dungeon |  10452 |   9800 |    652 |   1425 |   6034 |   9 | 1161.3 |
       Ossuary |    464 |    464 |      0 |     64 |    230 |   1 |  464.0 |
               +--------+--------+--------+--------+--------+-----+--------+

Top non-repeatable levels by time:
     D:6: 1697 daAuts
     D:5: 1617 daAuts
     D:4: 1542 daAuts
     D:3: 1541 daAuts
     D:2: 1376 daAuts
     D:8: 908 daAuts
     D:1: 907 daAuts
     D:7: 679 daAuts
 Ossuary: 464 daAuts
     D:9: 181 daAuts
